 Dungeon Crawl Stone Soup version 0.30-a0-1157-g2cc9ac7196 (webtiles) character file.

Game seed: 1779462577720783816

5273 Ahpoh the Carver (level 10, -9/64 HPs)
             Began as a Gargoyle Berserker on Apr 24, 2023.
             Was a Priest of Trog.
             Mangled by an orc warrior
             ... wielding a +0 battleaxe
              (13 damage)
             ... in a bailey.
             The game lasted 00:34:23 (9509 turns).

Ahpoh the Carver (Gargoyle Berserker)               Turns: 9509, Time: 00:34:23

Health: -9/64      AC: 23    Str: 21    XL:     10   Next: 63%
Magic:  10/10      EV:  7    Int:  8    God:    Trog [***...]
Gold:   643        SH:  5    Dex: 13    Spells: 9/9 levels left

rFire   . . .        I - +0 great sword
rCold   + . .        (shield currently unavailable)
rNeg    + . .        E - +0 plate armour
rPois   ∞            (no helmet)
rElec   +            (no cloak)
rCorr   .            z - +0 pair of gloves
SInv    .            A - +0 pair of boots
Will    ++...        h - amulet of reflection Stlth
                     r - ring of protection from cold
HPRegen 1.30/turn    (no ring)
MPRegen 0.12/turn

%: reflection
@: strong-willed, on berserk cooldown, regenerating, slowed, very slow
A: sickness immunity, AC +7, negative energy resistance 1, electricity
resistance, torment resistance 1, petrification resistance
a: Renounce Religion, Berserk, Trog's Hand


You were in a bailey.
You worshipped Trog.
Trog was most pleased with you.
You visited 1 branch of the dungeon, and saw 9 of its levels.
You also visited: Sewer and Bailey.

You collected 685 gold pieces.
You spent 42 gold pieces at shops.

Inventory:

Hand Weapons
 a - a +0 falchion
 I - a +0 great sword (weapon)
Missiles
 G - a throwing net (quivered)
 K - 4 datura-tipped darts
Armour
 k - an orb of light
 z - a +0 pair of gloves (worn)
 A - a +0 pair of boots (worn)
 E - a +0 plate armour (worn)
Jewellery
 h - an amulet of reflection (around neck)
 r - a ring of protection from cold (left hand)
Wands
 u - a wand of mindburst (12)
 w - a wand of flame (26)
 B - a wand of paralysis (6)
 C - a wand of quicksilver (18)
Scrolls
 b - 2 scrolls of immolation {unknown}
 f - 2 scrolls of magic mapping {unknown}
 i - 3 scrolls of vulnerability {unknown}
 n - a scroll of blinking {unknown}
 p - 3 scrolls of teleportation
 s - a scroll of fear {unknown}
 t - 4 scrolls of identify {unknown}
 x - 2 scrolls of summoning {unknown}
 y - 2 scrolls of enchant armour {unknown}
 F - a scroll of poison {unknown}
 H - a scroll of noise {unknown}
 J - a scroll of enchant weapon {unknown}
Potions
 c - 2 potions of curing {unknown}
 d - 2 potions of invisibility {unknown}
 e - 3 potions of attraction {unknown}
 g - a potion of mutation {unknown}
 j - 3 potions of haste {unknown}
 l - a potion of degeneration {unknown}
 m - 3 potions of might {unknown}
 o - a potion of resistance {unknown}
 q - 3 potions of heal wounds {unknown}
 v - a potion of ambrosia {unknown}
 D - a potion of magic {unknown}


   Skills:
 + Level 8.0 Fighting
 + Level 10.4 Long Blades
 + Level 7.3 Armour
 + Level 3.0 Dodging
 + Level 1.6 Stealth
 + Level 4.8 Shields


You had 9 spell levels left.
You didn't know any spells.
Your spell library was empty.

Dungeon Overview and Level Annotations

Branches:
Dungeon (9/15)             Temple (0/1) D:7           Sewer (visited)
 Bailey (1/1)
   Lair: D:8-11         Orc: D:9-12

Altars:
Elyvilon
Gozag
Nemelex Xobeh
Qazlal
Ru
Sif Muna
Trog
Yredelemnul
The Shining One

Shops:
D:4 **   D:9 *

Annotations:
D:5 1 runed translucent door, ytrimaz's ghost, novice DsFi
D:8 3 runed translucent doors, baller8008's ghost, novice DECj


Innate Abilities, Weirdness & Mutations

You are immune to sickness and miasma.
Your stone body is resilient. (AC +7)
You are immune to poison.
You resist negative energy. (rN+)
You are resistant to electric shocks. (rElec)
You are resistant to unholy torment.
You are immune to petrification.


Message History

You closely miss the orc warrior.
The orc warrior is severely wounded.
You block the orc warrior's attack.
Your skin crawls.
You feel strong-willed.
You can no longer call in reinforcements.
You hit the orc knight but do no damage.
The orc knight barely misses you.
You slash the orc knight!
The orc knight is moderately wounded.
The orc knight hits you with a +0 war axe!
The orc warrior hits you but does no damage.
The orc warrior hits you with a +0 war axe.
You block the orc knight's attack. The orc warrior closely misses you.
You slash the orc knight!
The orc knight is heavily wounded.
You block the orc knight's attack. The orc warrior barely misses you.
The orc warrior hits you but does no damage.
You completely miss the orc knight.
The orc knight is heavily wounded.
The orc warrior no longer looks unusually strong.
The orc knight hits you but does no damage.
You block the orc warrior's attack.
The orc warrior hits you but does no damage.
The orc warrior hits you with a +0 war axe!
The orc knight hits you but does no damage.
The orc warrior hits you with a +0 battleaxe.
Your skin crawls.
You feel strong-willed.
The orc knight hits you with a +0 war axe!
* * * LOW HITPOINT WARNING * * *
The orc warrior closely misses you.
The orc warrior hits you but does no damage.
You block the orc warrior's attack. The orc knight barely misses you.
The orc warrior hits you with a +0 battleaxe!
* * * LOW HITPOINT WARNING * * *
The orc knight attacks as you move away!
The orc knight barely misses you.
The orc warrior hits you with a +0 battleaxe!
You die... #.............# ............... ............... ........... ....... #KoK#

###o### ##..oo.##
#...8@..#
#∩....:∩#
##.....##
####'''####
##~.......~##
##~~.......~~####
..~~....)..~~....
##~~.......~~###.
..~~.......~~....


You could see an orc knight, 3 orc warriors and a kobold brigand.

Vanquished Creatures
  A two-headed ogre (D:9)
  Psyche (D:8)
  2 hornets (D:9)
  2 wraiths (D:9)
  A wyvern (D:7)
  2 water moccasins
  An ice beast (D:8)
  An orc warrior (Bailey)
  An ogre (D:5)
  4 centaurs
  4 kobold brigands (Bailey)
  4 bullfrogs
  A gnoll sergeant (D:8)
  3 scorpions (D:6)
  16 wights
  A howler monkey (D:7)
  6 hounds
  A jelly (D:6)
  2 gnoll boudas
  5 orc priests
  7 iguanas
  A sleepcap (D:4)
  Natasha (twice) (D:3)
  2 orc wizards
  12 gnolls
  16 adders
  A river rat (D:6)
  3 white imps
  2 ufetubi (D:6)
  2 dart slugs (D:4)
  4 worms
  14 orcs
  5 endoplasms
  9 giant cockroaches
  8 goblins
  9 hobgoblins
  6 jackals
  12 kobolds
  12 quokkas
  12 ball pythons
  3 bats
  13 frilled lizards
  4 rats
218 creatures vanquished.

Vanquished Creatures (others)
  A fungus (D:1)
  2 plants (D:1)
3 creatures vanquished.

Grand Total: 221 creatures vanquished

Notes
Turn   | Place    | Note
-------+----------+-------------------------------------------
     0 | D:1      | Ahpoh the Gargoyle Berserker began the quest for the Orb.
     0 | D:1      | Reached XP level 1. HP: 14/14 MP: 1/1
   392 | D:1      | Found a faded altar of an unknown god.
   786 | D:1      | Reached XP level 2. HP: 20/20 MP: 2/2
  1561 | D:2      | Reached skill level 3 in Long Blades
  1660 | D:2      | Reached XP level 3. HP: 22/24 MP: 3/3
  2073 | D:3      | Reached XP level 4. HP: 29/29 MP: 4/4
  2126 | D:3      | Reached ** piety under Trog
  2236 | D:3      | Noticed Natasha
  2244 | D:3      | Killed Natasha
  2366 | D:3      | Reached skill level 4 in Long Blades
  2445 | D:3      | Reached XP level 5. HP: 33/33 MP: 5/5
  2709 | D:3      | Noticed Natasha
  2721 | D:3      | Killed Natasha
  2788 | D:4      | Found Ceulip's Specific Store.
  2789 | D:4      | Found Leun Xing's General Store.
  2816 | D:4      | Bought a scroll of teleportation for 42 gold pieces
  2900 | D:4      | Found a shimmering blue altar of Sif Muna.
  2902 | D:4      | Found a bloodstained altar of Trog.
  3201 | D:4      | Reached skill level 1 in Stealth
  3296 | D:4      | Found a sacrificial altar of Ru.
  3378 | D:4      | Reached XP level 6. HP: 13/39 MP: 6/6
  3674 | D:4      | Found a sparkling altar of Nemelex Xobeh.
  3674 | D:4      | Found a glowing golden altar of the Shining One.
  3675 | D:4      | Found an opulent altar of Gozag.
  3851 | D:5      | Entered Level 5 of the Dungeon
  3857 | D:5      | Reached skill level 5 in Long Blades
  3882 | D:5      | Noticed a water moccasin
  3907 | D:5      | Killed a water moccasin
  4003 | D:5      | Reached skill level 1 in Shields
  4003 | D:5      | Reached XP level 7. HP: 34/44 MP: 7/7
  4050 | D:5      | Found a runed translucent door.
  4058 | D:5      | Noticed ytrimaz's ghost (novice DsFi)
  4445 | D:5      | Found a basalt altar of Yredelemnul.
  4636 | D:6      | HP: 1/66 [iguana (8)]
  4938 | D:6      | Reached skill level 5 in Fighting
  4946 | D:6      | Found a glowing drain.
  4950 | Sewer    | Entered a sewer
  5076 | Sewer    | Reached *** piety under Trog
  5090 | Sewer    | Reached skill level 6 in Long Blades
  5235 | Sewer    | Reached XP level 8. HP: 26/49 MP: 8/8
  6130 | D:6      | Found a stormy altar of Qazlal.
  6382 | D:7      | Reached skill level 7 in Long Blades
  6626 | D:7      | Noticed a wyvern
  6632 | D:7      | Killed a wyvern
  6633 | D:7      | Reached skill level 5 in Armour
  6700 | D:7      | Reached XP level 9. HP: 50/55 MP: 9/9
  7290 | D:7      | Found a staircase to the Ecumenical Temple.
  7344 | D:8      | Reached skill level 8 in Long Blades
  7415 | D:8      | Found a runed translucent gate.
  7415 | D:8      | Found a runed translucent gate.
  7415 | D:8      | Found a runed translucent gate.
  7419 | D:8      | Noticed baller8008's ghost (novice DECj)
  7483 | D:8      | Found a white marble altar of Elyvilon.
  7533 | D:8      | Noticed Psyche
  7544 | D:8      | Killed Psyche
  8115 | D:8      | Reached skill level 9 in Long Blades
  8794 | D:9      | Reached XP level 10. HP: 58/63 MP: 10/10
  9193 | D:9      | Noticed a two-headed ogre
  9201 | D:9      | Killed a two-headed ogre
  9202 | D:9      | Reached skill level 10 in Long Blades
  9304 | D:9      | Found Saesuj's General Store.
  9381 | D:9      | Found a flagged portal.
  9396 | Bailey   | Entered a bailey
  9431 | Bailey   | Reached **** piety under Trog
  9492 | Bailey   | Noticed an orc knight
  9508 | Bailey   | HP: 2/64 [orc warrior/+0 battleaxe (13)]
  9509 | Bailey   | Mangled by an orc warrior

Illustrated notes

Levels and vault maps discovered:
D:1:      dpeg_chamrin_arrival_tetris, layout_basic,
          shapermc_ecumenical_altar_ellora, chequers_avenue
D:2:      layout_rooms
D:3:      layout_loops_ring, uniq_natasha
D:4:      layout_loops_corners, mainiacjoe_overflow_six_doors_small,
          nicolae_overflow_hidden_temple, nicolae_specific_store,
          kennysheep_generic_room_15
D:5:      layout_cave_pools, mainiacjoe_overflow_paths, ebering_ghost_sewer_d,
          serial_bayou_pond_a
D:6:      layout_cave_pods, kennysheep_mini_moat, gup_sewer_entry_spiral
D:7:      layout_basic, minmay_temple_entry_poolview
D:8:      layout_cave_pods, elyvilon_altar_5, ebering_ghost_rock_garden,
          uniq_psyche
D:9:      layout_basic, enter_bailey_3, serial_shops, shop
Bailey:   bailey_axe_3, bailey

Skill      XL: |  1  2  3  4  5  6  7  8  9 10 |
---------------+-------------------------------+-----
Long Blades    | 3 4 5 6 7 9 10 | 10.4
Fighting       | 4 5 7 8 |  8.0
Dodging        | 2 3 |  3.0
Stealth        | 1 |  1.6
Armour         | 3 5 6 7 |  7.3
Shields        | 1 2 4 |  4.8

Action                     |  1- 3 |  4- 6 |  7- 9 | 10-12 || total
---------------------------+-------+-------+-------+-------++-------
  Melee: Falchion          |   131 |   133 |   568 |       ||   832
         Punch             |     1 |       |       |       ||     1
         Great sword       |       |       |    12 |   110 ||   122
 Invoke: Berserk           |     1 |     3 |    14 |     6 ||    24
         Trog's Hand       |       |     1 |     2 |     4 ||     7
    Use: Scroll            |       |       |     3 |       ||     3
   Stab: Sleeping          |     1 |       |       |       ||     1
 Armour: Animal skin       |     7 |       |       |       ||     7
         Robe              |    43 |     6 |       |       ||    49
         Chain mail        |       |    34 |   190 |       ||   224
         Plate armour      |       |       |   130 |   105 ||   235
  Dodge: Dodged            |    81 |    46 |   203 |    67 ||   397
  Block: Orb               |       |    17 |   133 |       ||   150
         Reflection        |       |     2 |     2 |     3 ||     7
         Other             |       |       |       |    38 ||    38

Table legend: (Time is in decaauts)
 A = Elapsed time spent in this place.
 B = Non-inter-level travel time spent in this place.
 C = Inter-level travel time spent in this place.
 D = Time resting spent in this place.
 E = Time spent auto-exploring this place.
 F = Levels seen in this place.
 G = Mean time per level.
                   A        B        C        D        E       F      G
               +--------+--------+--------+--------+--------+-----+--------+
         Total |   9854 |   9643 |    211 |   1331 |   5356 |  11 |  895.8 |
       Dungeon |   9348 |   9137 |    211 |   1326 |   5292 |   9 | 1038.7 |
         Sewer |    381 |    381 |      0 |      0 |     58 |   1 |  381.0 |
        Bailey |    124 |    124 |      0 |      5 |      6 |   1 |  124.0 |
               +--------+--------+--------+--------+--------+-----+--------+

Top non-repeatable levels by time:
     D:8: 1464 daAuts
     D:1: 1463 daAuts
     D:6: 1461 daAuts
     D:4: 1085 daAuts
     D:7: 1022 daAuts
     D:5: 801 daAuts
     D:3: 768 daAuts
     D:9: 694 daAuts
     D:2: 585 daAuts
   Sewer: 381 daAuts
  Bailey: 124 daAuts
